 Dungeon Crawl Stone Soup version 0.29.1-2-gbd0b4ee654 (webtiles) character file.

Game seed: 8797172369185915971

171765 Araneus the Warrior (level 17, -1/154 HPs)
             Began as a Demonspawn Fighter on Nov 3, 2022.
             Was the Champion of Okawaru.
             Hit by a silver javelin thrown by a merfolk javelineer (5 damage)
             ... on level 4 of the Shoals on Nov 4, 2022.
             The game lasted 01:29:31 (30316 turns).

Araneus the Warrior (Demonspawn Fighter)           Turns: 30316, Time: 01:29:31

Health: -1/154     AC: 31    Str: 32    XL:     17   Next: 15%
Magic:  0/23       EV: 11    Int: 22    God:    Okawaru [******]
Gold:   545        SH: 17    Dex: 12    Spells: 16/16 levels left

rFire   . . .      SeeInvis .   A - +5 demon trident of Embarrassment {venom, *Corrode +Blink rC+++}
rCold   + + +      Faith    .   M - +5 kite shield {AC+3}
rNeg    . . .      Spirit   +   o - +0 plate armour
rPois   +          Reflect  .   e - +2 helmet of the Mackerel {Str+4}
rElec   +          Harm     .   l - +2 cloak {rPois}
rCorr   .          Rampage  .   j - +2 pair of gloves of the Salmon {rElec rPois Int+9 Stlth+}
Will    +....                   (boots unavailable)
Stlth   ..........              E - amulet of guardian spirit
HPRegen 0.35/turn               b - +4 ring of slaying
MPRegen 0.18/turn               F - ring of the Black Skies {*Slow rElec rC+ EV+4 Str+6}

@: silenced, slowed, studying Fighting, invisible, very slow
A: hooves 3, rugged brown scales 2, ignite blood 1, spiny 2, black mark,
bedeviling
}: 1/15 runes: serpentine
a: Renounce Religion, Evoke Blink


You were on level 4 of the Shoals.
You worshipped Okawaru.
Okawaru was exalted by your worship.
You visited 6 branches of the dungeon, and saw 28 of its levels.

You collected 3209 gold pieces.
You spent 2664 gold pieces at shops.

Inventory:

Hand Weapons
 A - the +5 demon trident of Embarrassment (weapon) {venom, *Corrode +Blink rC+++}
   (Okawaru gifted it to you on level 3 of the Lair of Beasts)

   It poisons the flesh of those it strikes.
   rC:        It renders you almost immune to cold.
   +Blink:    It lets you blink.
   *Corrode:  It may corrode you when you take damage.
 C - the +7 trident "Karumaur" {spect, rElec Int+2}
   (You found it on level 8 of the Dungeon)

   When its wielder attacks, the weapon's spirit leaps out and strikes again.
   The spirit shares a part of any damage it takes with its wielder.
   Int:       It affects your intelligence (+2).
   rElec:     It insulates you from electricity.
 G - a +4 vorpal demon trident
Missiles
 D - a throwing net (quivered)
Armour
 e - the +2 helmet of the Mackerel (worn) {Str+4}
   (You acquired it on level 11 of the Dungeon)

   Str:       It affects your strength (+4).
 i - a +1 tower shield of protection
 j - the +2 pair of gloves of the Salmon (worn) {rElec rPois Int+9 Stlth+}
   (You found it on level 2 of the Dungeon)

   Int:       It affects your intelligence (+9).
   rElec:     It insulates you from electricity.
   rPois:     It protects you from poison.
   Stlth:     It makes you more stealthy.
 l - a +2 cloak of poison resistance (worn)
 o - a +0 plate armour (worn)
 M - a +5 kite shield of protection (worn)
Jewellery
 b - a +4 ring of slaying (left hand)
 x - a ring of fire
 y - an amulet of reflection
 E - an amulet of guardian spirit (around neck)
 F - the ring of the Black Skies (right hand) {*Slow rElec rC+ EV+4 Str+6}
   (You bought it in a shop on level 1 of the Snake Pit)

   [ring of evasion]

   EV:        It affects your evasion (+4).
   Str:       It affects your strength (+6).
   rC:        It protects you from cold.
   rElec:     It insulates you from electricity.
   *Slow:     It may slow you when you take damage.
Wands
 k - a wand of acid (15)
 m - a wand of flame (7)
 u - a wand of mindburst (19)
 v - a wand of polymorph (6)
 B - a wand of iceblast (5)
Scrolls
 g - 6 scrolls of teleportation
 n - 2 scrolls of poison
 r - 5 scrolls of blinking
 s - 3 scrolls of amnesia
 z - 2 scrolls of magic mapping
 N - a scroll of fear
Potions
 a - a potion of cancellation
 c - 4 potions of brilliance
 d - 2 potions of might
 f - 4 potions of ambrosia
 p - 15 potions of curing
 q - 3 potions of magic
 t - 4 potions of attraction
 w - 3 potions of haste
 I - 2 potions of berserk rage
 J - 4 potions of flight
 K - a potion of invisibility


   Skills:
 + Level 17.1 Fighting
 - Level 16.0 Polearms
 * Level 13.2 Armour
 + Level 13.8 Shields
 - Level 8.0 Invocations


You had 16 spell levels left.
You didn't know any spells.
Your spell library contained the following spells:

 Spells                   Type           Power      Damage    Failure   Level
 Foxfire                  Conj/Fire      0%         2x1d4     86%         1
 Freeze                   Ice            0%         1d3       86%         1
 Ensorcelled Hibernation  Hex/Ice        0%         N/A       95%         2
 Passwall                 Tmut/Erth      0%         N/A       95%         2
 Conjure Flame            Conj/Fire      0%         6-21      99%         3
 Frozen Ramparts          Ice            0%         1d1       99%         3
 Gell's Gravitas          Tloc           0%         N/A       99%         3
 Inner Flame              Hex/Fire       0%         N/A       99%         3
 Lesser Beckoning         Tloc           0%         N/A       99%         3
 Ozocubu's Armour         Ice            0%         N/A       99%         3
 Portal Projectile        Hex/Tloc       0%         N/A       99%         3
 Spider Form              Tmut/Pois      0%         N/A       99%         3
 Stone Arrow              Conj/Erth      0%         3d7       99%         3
 Swiftness                Air            0%         N/A       99%         3
 Teleport Other           Tloc           0%         N/A       99%         3
 Anguish                  Hex/Necr       0%         N/A       100%        4
 Cause Fear               Hex            0%         N/A       100%        4
 Corpse Rot               Necr/Pois/Air  0%         N/A       100%        4
 Dispel Undead            Necr           0%         3d6       100%        4
 Flame Wave               Conj/Fire      0%         2d4       100%        4
 Hailstorm                Conj/Ice       0%         3d3       100%        4
 Leda's Liquefaction      Hex/Erth       0%         N/A       100%        4
 Petrify                  Tmut/Erth      0%         N/A       100%        4
 Borgnjor's Vile Clutch   Necr/Erth      0%         N/A       100%        5
 Metabolic Englaciation   Hex/Ice        0%         N/A       100%        5
 Conjure Ball Lightning   Conj/Air       0%         3x3d6     100%        6
 Statue Form              Tmut/Erth      0%         N/A       100%        6
 Discord                  Hex            0%         N/A       100%        8
 Disjunction              Tloc           0%         N/A       100%        8
 Call Canine Familiar     Summ           Unusable   N/A       N/A         3
 Animate Armour           Summ/Erth      Unusable   N/A       N/A         4
 Animate Dead             Necr           Unusable   N/A       N/A         4
 Death Channel            Necr           Unusable   N/A       N/A         6
 Simulacrum               Ice/Necr       Unusable   N/A       N/A         6

Dungeon Overview and Level Annotations

Branches:
Dungeon (12/15)            Temple (1/1) D:6            Lair (5/5) D:9
 Shoals (4/4) Lair:2        Snake (4/4) Lair:2        Slime (0/5) Lair:5
    Orc (2/2) D:11            Elf (0/3) Orc:2

Altars:
Ashenzari
Cheibriados
Dithmenos
Fedhas
Gozag
Hepliaklqana
Kikubaaqudgha
Makhleb
Nemelex Xobeh
Okawaru
Qazlal
Ru
Sif Muna
Trog
Uskayaw
Vehumet
Wu Jian
Xom
Yredelemnul
Jiyva

Shops:
D:4 :   Orc:2 *(*(   Shoals:3 *:   Snake:1 :==

Portals:
Trove: D:11 (give 7 scrolls of blinking)

Annotations:
D:5 1 runed translucent door, exclusion: statue
D:7 2 transporters


Innate Abilities, Weirdness & Mutations

You have hooves in place of feet.
You are mostly covered in rugged brown scales. (AC +2, +5% HP)
Your demonic aura sometimes causes spilled blood to erupt in flames.
You are mostly covered in sharp spines.
Your melee attacks may debilitate your foes.
Your hexes are more powerful.


Message History

As you read the scroll of silence, it crumbles to dust.
A profound silence engulfs you.
You can no longer hear the merfolk avatar's singing! x2
You are no longer entranced.
The merfolk avatar's song is interrupted. x2
The harpy misses you. The harpy claws you but does no damage.
The merfolk javelineer throws a silver javelin.
The silver javelin pierces through you!
You feel as though you will be slow longer.
The silver sears you!
The merfolk javelineer throws a silver javelin.
The silver javelin pierces through you!
* * * LOW HITPOINT WARNING * * *
The silver sears you!
* * * LOW HITPOINT WARNING * * *
The merfolk javelineer throws a silver javelin.
The silver javelin pierces through you!
* * * LOW HITPOINT WARNING * * *
The silver sears you!
* * * LOW HITPOINT WARNING * * *
The silver javelin closely misses the harpy.
You block the merfolk impaler's attack.
The merfolk impaler hits you but does no damage.
The merfolk javelineer throws a silver javelin.
The silver javelin closely misses you.
The merfolk javelineer throws a silver javelin.
The silver javelin pierces through you but does no damage.
The silver sears you!
* * * LOW HITPOINT WARNING * * *
You fade into invisibility!
The merfolk javelineer throws a silver javelin.
The silver javelin misses you.
The merfolk javelineer hits you but does no damage.
The merfolk javelineer throws a silver javelin.
The silver javelin closely misses you. The merfolk impaler misses you.
The merfolk javelineer throws a silver javelin.
The silver javelin pierces through you!
* * * LOW HITPOINT WARNING * * *
The silver sears you!
You die...

.......~~≈## ≈≈≈
.......~~## ... ## ≈≈≈≈
........~#≈# ≈≈ ~# ≈≈≈≈
.......~≈#≈.. #≈# ~# ≈≈≈≈≈
.......~≈#≈.≈##≈≈ ~#~~~~~~
.......~≈#≈~≈≈≈≈m ~#...~~~
#####.~≈≈#≈~~#mm~#m#m.....
...~##≈≈≈##~~~m~#~#.......
....~##≈~~##~..m@#†.......
~≈#~~≈#≈~~.######)........
≈≈≈≈~≈#≈~~......†.........
≈##≈.≈#~~~.......†........
≈#≈..≈#~~~~...............
≈≈.~#≈#~..................
...#≈##................~~≈
≈≈≈≈##~...............~~≈≈
#####................~~~~≈


You could see a merfolk avatar (unable to see you), a merfolk impaler (unable to
see you) and 3 merfolk javelineers.

Vanquished Creatures
  Vashnia (Snake:2)
  Rupert (Orc:2)
  Kirke (Shoals:3)
  The ghost of duchin the Severer, an adept MiFi of Okawaru (Shoals:1)
  Roxanne (Snake:1)
  6 nagarajas
  Aizul (Shoals:4)
  Snorg (D:10)
  Josephine (Orc:1)
  2 merfolk javelineers
  4 merfolk impalers
  Harold (Lair:1)
  2 salamander tyrants (Snake:4)
  A boulder beetle (D:10)
  3 catoblepae
  4 hydras
  2 merfolk avatars
  A satyr (Shoals:3)
  8 two-headed ogres
  12 death yaks
  14 naga warriors
  7 anacondas
  A deep troll shaman (Lair:5)
  8 shock serpents
  15 naga sharpshooters
  2 salamander mystics
  A fire crab (D:12)
  6 sea snakes
  4 naga ritualists
  3 orc knights (Orc:2)
  3 deep elf pyromancers (D:12)
  7 salamanders
  15 mana vipers
  An oklob plant (Lair:3)
  4 fauns (Shoals:3)
  8 harpies
  An ugly thing (D:9)
  6 cyclopes
  7 manticores
  2 orc sorcerers (Orc:2)
  4 elephants (Lair:5)
  2 merfolk sirens (Shoals:3)
  2 water nymphs
  Maurice (Orc:2)
  29 black mambas
  6 guardian serpents
  16 naga magi
  A gargoyle (D:11)
  14 cane toads
  An unseen horror (D:10)
  2 kobold demonologists
  4 komodo dragons
  A freezing wraith (D:12)
  3 rime drakes
  2 polar bears
  4 trolls
  18 merfolk
  A slime creature (D:10)
  23 blink frogs
  2 hornets
  4 wind drakes (Shoals:3)
  6 snapping turtles
  2 vampires (D:12)
  A water elemental (Shoals:3)
  A shadow (D:9)
  Sigmund (D:5)
  4 wyverns
  8 wraiths
  2 humans (Shoals:3)
  3 basilisks
  12 yaks
  12 vampire mosquitoes
  3 steam dragons
  Menkaure (D:6)
  6 wargs
  59 nagas
  2 acid dragons
  20 water moccasins
  37 orc warriors
  3 sky beasts
  An ice beast (D:7)
  2 black bears
  3 ogres
  20 wolves
  20 centaurs
  A phantom (D:4)
  8 bullfrogs
  5 kobold brigands
  A gnoll sergeant (D:9)
  5 scorpions (D:5)
  10 wights
  A killer bee (D:5)
  A howler monkey (D:10)
  11 jellies (Lair:3)
  2 gnoll boudas
  12 orc priests
  3 iguanas (D:6)
  16 orc wizards
  14 gnolls
  7 adders
  A shadow imp (D:7)
  2 white imps (D:6)
  A worm (D:3)
  4 dart slugs
  59 orcs
  5 ball pythons
  19 endoplasms
  9 giant cockroaches
  4 goblins
  4 hobgoblins
  2 jackals (D:1)
  18 kobolds
  3 quokkas
  4 bats
  4 frilled lizards
  4 rats
  2 butterflies (D:5)
  4 plants (Shoals:2)
784 creatures vanquished.

Vanquished Creatures (others)
  Asterion (Snake:1)
  A harpy (Shoals:4)
  A human (Shoals:3)
  A bush (Lair:3)
  23 fungi
  42 plants
69 creatures vanquished.

Grand Total: 853 creatures vanquished

Notes
Turn   | Place    | Note
-------+----------+-------------------------------------------
     0 | D:1      | Araneus the Demonspawn Fighter began the quest for the Orb.
     0 | D:1      | Reached XP level 1. HP: 18/18 MP: 1/1
    64 | D:1      | Gained mutation: You are partially covered in sharp spines.
                  | [demonic ancestry]
    64 | D:1      | Reached XP level 2. HP: 24/24 MP: 2/2
   336 | D:1      | Found a faded altar of an unknown god.
   642 | D:2      | Identified the +2 pair of gloves of the Salmon {rElec rPois
                  | Int+9 Stlth+}
   652 | D:2      | Gained mutation: You have large cloven feet. [demonic
                  | ancestry]
   652 | D:2      | Reached XP level 3. HP: 26/29 MP: 3/3
  1341 | D:3      | Found a blossoming altar of Fedhas.
  1550 | D:3      | Gained mutation: You have hoof-like feet. [demonic
                  | ancestry]
  1550 | D:3      | Reached XP level 4. HP: 33/35 MP: 4/4
  1892 | D:4      | Noticed a phantom
  1897 | D:4      | Killed a phantom
  1898 | D:4      | Gained mutation: You have hooves in place of feet. [demonic
                  | ancestry]
  1898 | D:4      | Reached XP level 5. HP: 41/41 MP: 5/5
  1922 | D:4      | Found Deaf's Book Emporium.
  2044 | D:4      | Found a sacrificial altar of Ru.
  2343 | D:5      | Entered Level 5 of the Dungeon
  2355 | D:5      | Noticed a water moccasin
  2361 | D:5      | Killed a water moccasin
  2362 | D:5      | Reached skill level 5 in Polearms
  2362 | D:5      | Reached XP level 6. HP: 47/47 MP: 6/6
  2413 | D:5      | Found a shimmering altar of Xom.
  2414 | D:5      | Found a hazy altar of Hepliaklqana.
  2414 | D:5      | Noticed an ice beast
  2415 | D:5      | Noticed a spectral ugly thing
  2551 | D:5      | Noticed Sigmund
  2563 | D:5      | Killed Sigmund
  2689 | D:5      | Found a radiant altar of Vehumet.
  2748 | D:5      | Found a runed translucent door.
  2753 | D:5      | Gained mutation: You are partially covered in rugged brown
                  | scales. (AC +1, +3% HP) [demonic ancestry]
  2753 | D:5      | Reached XP level 7. HP: 47/53 MP: 7/7
  2753 | D:5      | Found a runed translucent door.
  3034 | D:5      | Found a sparkling altar of Nemelex Xobeh.
  3035 | D:5      | Found an opulent altar of Gozag.
  3242 | D:6      | Noticed a steam dragon
  3251 | D:6      | HP: 2/53 [steam dragon/ball of steam (12)]
  3252 | D:6      | Killed a steam dragon
  3253 | D:6      | Gained mutation: You are mostly covered in rugged brown
                  | scales. (AC +2, +5% HP) [demonic ancestry]
  3253 | D:6      | Reached XP level 8. HP: 2/60 MP: 8/8
  3620 | D:6      | Found a staircase to the Ecumenical Temple.
  3627 | Temple   | Entered the Ecumenical Temple
  3680 | Temple   | Became a worshipper of Warmaster Okawaru
  3768 | D:6      | Noticed Menkaure
  3781 | D:6      | Killed Menkaure
  3782 | D:6      | Reached skill level 1 in Invocations
  4024 | D:6      | Found a burning altar of Makhleb.
  4744 | D:7      | Reached * piety under Okawaru
  4768 | D:7      | Found an ornate altar of the Wu Jian Council.
  4781 | D:7      | Noticed a manticore
  4782 | D:7      | Noticed a slime creature
  4786 | D:7      | Noticed a cyclops
  4787 | D:7      | Noticed a cyclops
  4789 | D:7      | Found a transporter.
  4805 | D:7      | Found a transporter.
  4917 | D:7      | Gained mutation: You are mostly covered in sharp spines.
                  | [demonic ancestry]
  4917 | D:7      | Reached XP level 9. HP: 67/67 MP: 11/11
  5078 | D:7      | Reached skill level 10 in Polearms
  5483 | D:8      | Reached skill level 4 in Fighting
  5582 | D:8      | Reached ** piety under Okawaru
  5734 | D:8      | Identified the +7 trident "Karumaur" {spect, rElec Int+2}
  5841 | D:8      | Reached skill level 5 in Shields
  6409 | D:9      | Reached skill level 5 in Invocations
  6416 | D:9      | Noticed a two-headed ogre
  6419 | D:9      | Killed a two-headed ogre
  6420 | D:9      | Reached skill level 5 in Fighting
  6420 | D:9      | Reached XP level 10. HP: 66/77 MP: 12/14
  6423 | D:9      | Reached *** piety under Okawaru
  6566 | D:9      | Noticed a two-headed ogre
  6571 | D:9      | Killed a two-headed ogre
  6571 | D:9      | Received a gift from Okawaru
  6715 | D:9      | Noticed a green ugly thing
  6720 | D:9      | Killed a green ugly thing
  7132 | D:9      | Reached skill level 6 in Fighting
  7399 | D:9      | Found a staircase to the Lair.
  7506 | D:9      | Found a shimmering blue altar of Sif Muna.
  7506 | D:9      | Found a shadowy altar of Dithmenos.
  7629 | Lair:1   | Entered Level 1 of the Lair of Beasts
  7740 | Lair:1   | Reached **** piety under Okawaru
  7864 | Lair:1   | Noticed a cane toad
  7868 | Lair:1   | Killed a cane toad
  7924 | Lair:1   | Noticed Harold
  7945 | Lair:1   | Killed Harold
  7945 | Lair:1   | Reached ***** piety under Okawaru
  7946 | Lair:1   | Gained mutation: Your hexes are more powerful. [demonic
                  | ancestry]
  7946 | Lair:1   | Reached XP level 11. HP: 24/87 MP: 15/17
  8292 | Lair:1   | Reached skill level 7 in Fighting
  8899 | Lair:2   | Received a gift from Okawaru
  9190 | Lair:1   | Reached skill level 8 in Fighting
  9380 | Lair:2   | Found a staircase to the Snake Pit.
  9639 | Lair:2   | Found a staircase to the Shoals.
  9813 | Lair:2   | Reached skill level 9 in Fighting
  9872 | Lair:2   | Reached ****** piety under Okawaru
 10430 | Lair:3   | Noticed an oklob plant
 10582 | Lair:3   | Killed an oklob plant
 10583 | Lair:3   | Gained mutation: Your melee attacks may debilitate your
                  | foes. [demonic ancestry]
 10583 | Lair:3   | Reached XP level 12. HP: 46/100 MP: 18/18
 10852 | Lair:3   | Noticed a death yak
 10852 | Lair:3   | Noticed a death yak
 10852 | Lair:3   | Noticed a death yak
 10853 | Lair:3   | Noticed a death yak
 10853 | Lair:3   | Noticed a death yak
 10872 | Lair:3   | Killed a death yak
 10877 | Lair:3   | Killed a death yak
 10883 | Lair:3   | Killed a death yak
 10884 | Lair:3   | Reached skill level 10 in Fighting
 10888 | Lair:3   | Killed a death yak
 10890 | Lair:3   | Killed a death yak
 11408 | Lair:3   | Identified the +5 demon trident of Embarrassment {venom,
                  | *Corrode +Blink rC+++} (Okawaru gifted it to you on level 3
                  | of the Lair of Beasts)
 11408 | Lair:3   | Received a gift from Okawaru
 11895 | Lair:4   | Reached skill level 15 in Polearms
 12026 | Lair:4   | Reached skill level 11 in Fighting
 12232 | Lair:4   | Noticed a catoblepas
 12238 | Lair:4   | Killed a catoblepas
 12597 | Lair:5   | Entered Level 5 of the Lair of Beasts
 12755 | Lair:5   | Noticed a catoblepas
 12773 | Lair:5   | Killed a catoblepas
 12792 | Lair:5   | Identified the +4 scale mail "Kegufo" {rF+} (Okawaru gifted
                  | it to you on level 5 of the Lair of Beasts)
 12792 | Lair:5   | Received a gift from Okawaru
 12793 | Lair:5   | Reached XP level 13. HP: 69/112 MP: 19/19
 13031 | Lair:5   | Reached skill level 12 in Fighting
 13359 | Lair:5   | Found a viscous altar of Jiyva.
 13360 | Lair:5   | Found a staircase to the Slime Pits.
 13922 | Lair:5   | Reached skill level 13 in Fighting
 14800 | D:10     | Entered Level 10 of the Dungeon
 14863 | D:10     | Found a basalt altar of Yredelemnul.
 14913 | D:10     | Noticed Snorg
 14920 | D:10     | Killed Snorg
 14920 | D:10     | Received a gift from Okawaru
 15497 | D:10     | Reached skill level 14 in Fighting
 16080 | D:11     | Found a portal to a secret trove of treasure.
 16117 | D:11     | Identified a scroll of acquirement
 16117 | D:11     | Acquired the +2 helmet of the Mackerel {Str+4}
 16519 | D:11     | Reached XP level 14. HP: 121/126 MP: 20/20
 16544 | D:11     | Found a staircase to the Orcish Mines.
 16808 | D:11     | Found a shimmering blue altar of Sif Muna.
 17210 | D:12     | Identified the +1 scale mail of Araneus's Courage {Harm}
                  | (Okawaru gifted it to you on level 12 of the Dungeon)
 17210 | D:12     | Received a gift from Okawaru
 17911 | D:12     | Reached skill level 5 in Armour
 18261 | Orc:1    | Entered Level 1 of the Orcish Mines
 18271 | Orc:1    | Noticed Josephine
 18279 | Orc:1    | Killed Josephine
 18981 | Orc:2    | Entered Level 2 of the Orcish Mines
 19209 | Orc:2    | Noticed Maurice
 19216 | Orc:2    | Killed Maurice
 19298 | Orc:2    | Noticed Rupert
 19321 | Orc:2    | Killed Rupert
 19321 | Orc:2    | Received a gift from Okawaru
 20015 | Orc:2    | Found a staircase to the Elven Halls.
 20066 | Orc:2    | Found Hithus's General Store.
 20066 | Orc:2    | Found Paal's Weapon Shoppe.
 20068 | Orc:2    | Found Lima's General Store.
 20070 | Orc:2    | Found Moilemae's Antique Weapon Shop.
 20520 | Snake:1  | Entered Level 1 of the Snake Pit
 20557 | Snake:1  | Reached skill level 10 in Shields
 20697 | Snake:1  | Reached skill level 15 in Fighting
 21203 | Snake:1  | Identified Roxanne's Atlas of Terra Firma
 21203 | Snake:1  | Noticed Roxanne
 21219 | Snake:1  | Killed Roxanne
 21219 | Snake:1  | Received a gift from Okawaru
 21354 | Snake:1  | Reached XP level 15. HP: 86/135 MP: 21/21
 21900 | Snake:1  | Identified the ring of the Centipede {*Slow Fly MP+9 Int+4}
 22445 | Snake:1  | Found Udixt's Book Shop.
 22445 | Snake:1  | Found Atsud's Jewellery Emporium.
 22446 | Snake:1  | Found Jid Eria's Jewellery Emporium.
 22451 | Snake:1  | Bought an amulet of guardian spirit for 420 gold pieces
 22460 | Snake:1  | Bought the ring of the Black Skies {*Slow rElec rC+ EV+4
                  | Str+6} for 832 gold pieces
 22664 | Snake:2  | Noticed Asterion
 22684 | Snake:1  | Killed Asterion
 23340 | Snake:2  | Noticed Vashnia
 23390 | Snake:2  | Killed Vashnia
 23870 | Snake:3  | Received a gift from Okawaru
 24158 | Snake:3  | Reached skill level 10 in Armour
 24588 | Snake:3  | Noticed a nagaraja
 24601 | Snake:3  | Killed a nagaraja
 24831 | Snake:3  | Found a runed translucent door.
 25136 | Snake:4  | Entered Level 4 of the Snake Pit
 25206 | Snake:4  | Reached XP level 16. HP: 113/144 MP: 22/22
 25366 | Snake:4  | Reached skill level 16 in Fighting
 25529 | Snake:4  | Identified the +10 spear of Powerful Cruel Justice {vamp,
                  | rElec rN+ Int-3} (Okawaru gifted it to you on level 4 of
                  | the Snake Pit)
 25529 | Snake:4  | Received a gift from Okawaru
 26443 | Snake:4  | Received a gift from Okawaru
 26887 | Snake:4  | Got a serpentine rune of Zot
 27229 | Shoals:1 | Entered Level 1 of the Shoals
 27767 | Shoals:1 | Found a large runed translucent door.
 27767 | Shoals:1 | Found a large runed translucent door.
 27769 | Shoals:1 | Noticed duchin's ghost (adept MiFi)
 27801 | Shoals:1 | Killed duchin's ghost
 27808 | Shoals:1 | Identified the +5 spear "Piwiabre" {vorpal, Stlth+}
 28121 | Shoals:2 | Identified the +8 hand axe of the Forging Owl {holy, Dex+3}
 28751 | Shoals:3 | Found Tonnaus's Assorted Antiques.
 28756 | Shoals:3 | Noticed Kirke
 28766 | Shoals:3 | Killed Kirke
 28827 | Shoals:3 | Bought a potion of might for 132 gold pieces
 29286 | Shoals:3 | Found Ciwk's Self-Improvement Boutique.
 29400 | Shoals:3 | Bought a manual of Fighting for 1280 gold pieces
 29440 | Shoals:3 | Gained mutation: Your demonic aura sometimes causes spilled
                  | blood to erupt in flames. [demonic ancestry]
 29440 | Shoals:3 | Reached XP level 17. HP: 122/153 MP: 19/23
 29955 | Shoals:4 | Entered Level 4 of the Shoals
 29958 | Shoals:4 | Noticed Aizul
 29972 | Shoals:4 | Killed Aizul
 29983 | Shoals:4 | Identified the +3 glaive of the Other Side {venom, Fly
                  | rPois} (Okawaru gifted it to you on level 4 of the Shoals)
 29983 | Shoals:4 | Received a gift from Okawaru
 29987 | Shoals:4 | Reached skill level 17 in Fighting
 30316 | Shoals:4 | HP: 4/154 [merfolk javelineer/silver javelin (11)]
 30316 | Shoals:4 | Hit by a silver javelin thrown by a merfolk javelineer

Illustrated notes

Levels and vault maps discovered:
D:1:      dpeg_arrival_connections, layout_rooms,
          hellmonk_ecumenical_altar_run_dry
D:2:      layout_basic, grunt_decor_arrowhead
D:3:      layout_basic, nicolae_overflow_crystal_walls
D:4:      layout_rooms, nicolae_ru_awakened_eye, serial_shops, shop,
          grunt_ministairs_11
D:5:      lemuel_insect_pit, layout_cave_pools, grunt_temple_overflow_opulence,
          regret_index_temple_of_mockery, vehumet_statue, uniq_sigmund
D:6:      layout_basic, nicolae_overflow_hidden_temple,
          minmay_temple_entry_statues_pillars, uniq_menkaure
D:7:      layout_gridville, gammafunk_temple_overflow_arena
D:8:      wander_river, layout_loops_cross
D:9:      layout_basic, gammafunk_temple_overflow_elements,
          erik_lair_orcish_takeover
D:10:     layout_loops_ring, lemuel_crystal_altar, minmay_checkerbox, uniq_snorg
D:11:     layout_long_grid, david_orc_1_choice, nicolae_trove_entry_columns,
          grunt_decor_one_mirror, minmay_misc_feat_more_columns, led_sif_pool
D:12:     four-leaf_vault, layout_loops_cross
Temple:   zaba_magenta_temple
Lair:1:   layout_cave_pods, grunt_megastairs_2, uniq_harold
Lair:2:   layout_long_grid, minmay_shoals_entry_centaurs,
          guppyfry_snake_entry_island, nicolae_quartered_pool_super,
          chequers_serial_rivers_room_b, st_stairs_6, pond
Lair:3:   lemuel_slime, layout_regular_city
Lair:4:   layout_regular_city, serial_bayou_crossing
Lair:5:   grunt_lair_end_beastmaster, layout_small_grid, slime_entry_1
Shoals:1: layout_shoals, ebering_ghost_disaster_area
Shoals:2: layout_shoals
Shoals:3: layout_shoals, serial_shops, nicolae_shop_statue_plus,
          nicolae_shop_self_help, uniq_kirke
Shoals:4: shoals_end_hangedman, layout_shoals, uniq_aizul, uniq_louise
Snake:1:  layout_layer_cave, minmay_shop_grove, uniq_roxanne
Snake:2:  layout_rooms, nrook_guardian_serpent_ordinary, uniq_vashnia,
          uniq_asterion
Snake:3:  layout_gridlike, lightli_airlock
Snake:4:  minmay_snake_end_coiled, layout_rooms
Orc:1:    layout_caves, minmay_orc_temple_a, uniq_josephine
Orc:2:    st_orc_rangers, layout_caves, lightli_orcish_oven, uniq_maurice,
          uniq_rupert

Skill      XL: |  1  2  3  4  5  6  7  8  9 10 11 12 13 14 15 16 17 |
---------------+----------------------------------------------------+-----
Polearms       | 2 3 4 5 6 8 9 11 12 14 15 16 | 16.0
Shields        | 3 4 5 6 8 10 12 13 | 13.8
Invocations    | 3 5 8 |  8.0
Fighting       | 5 6 9 11 14 15 16 17 | 17.1
Armour         | 3 7 10 12 13 | 13.2

Action                   |  1- 3 |  4- 6 |  7- 9 | 10-12 | 13-15 | 16-18 || total
-------------------------+-------+-------+-------+-------+-------+-------++-------
Melee: Trident           |    94 |    45 |   208 |   306 |   855 |   367 ||  1875
       Kick              |     3 |     9 |    36 |    88 |   217 |   136 ||   489
       Demon trident     |       |       |       |       |       |   138 ||   138
Invok: Heroism           |       |       |       |       |     5 |     3 ||     8
       Finesse           |       |       |       |       |     4 |     3 ||     7
Evoke: Wand              |       |       |       |       |    23 |     2 ||    25
  Use: Scroll            |       |       |     7 |    19 |     8 |     7 ||    41
       Potion            |       |       |       |     1 |     6 |     6 ||    13
 Stab: Distracted        |       |       |       |     6 |    15 |     3 ||    24
       Petrified         |       |       |       |       |     4 |       ||     4
       Petrifying        |       |       |       |       |     1 |       ||     1
Armor: Scale mail        |    21 |       |       |       |       |       ||    21
       Chain mail        |    15 |    13 |    77 |    66 |    39 |       ||   210
       Plate armour      |       |       |       |       |   222 |   157 ||   379
Dodge: Dodged            |    32 |     5 |    31 |    34 |   118 |    97 ||   317
Block: Buckler           |    17 |     2 |    25 |       |       |       ||    44
       Kite shield       |       |       |       |    81 |   454 |   281 ||   816
